 Dungeon Crawl Stone Soup version 0.22.0-49-gab54619 (webtiles) character file.

163 robertstho the Ruffian (level 5, 0/50 HPs)
             Began as a Troll Monk on Sept 6, 2018.
             Slain by an iron imp (9 damage)
             ... summoned by Natasha
             ... on level 3 of the Dungeon.
             The game lasted 00:03:50 (1972 turns).

robertstho the Ruffian (Troll Monk)                 Turns: 1972, Time: 00:03:50

Health: 0/50       AC:  5    Str: 20    XL:     5   Next: 20%
Magic:  4/4        EV: 11    Int:  6    God:
Gold:   116        SH:  0    Dex: 12    Spells: 4/4 levels left

rFire    . . .     SeeInvis .     - Unarmed
rCold    . . .     Gourm    +   (no shield)
rNeg     . . .     Faith    .   a - +0 robe
rPois    .         Spirit   .   (helmet restricted)
rElec    .         Reflect  .   (no cloak)
rCorr    .         Harm     .   (gloves unavailable)
MR       .....                  (boots unavailable)
Stlth    ++........             (no amulet)
HPRegen  0.56/turn              (no ring)
MPRegen  0.09/turn              (no ring)

@: no status effects
A: large, unfitting armour, claws 3, fast metabolism 3, gourmand, regeneration
1, shaggy fur 1, tough skin 2
a: no special abilities


You were on level 3 of the Dungeon.
You were completely stuffed.

You visited 1 branch of the dungeon, and saw 3 of its levels.

You collected 116 gold pieces.

Inventory:

Hand Weapons
 n - a +0 blowgun
Missiles
 g - a throwing net (quivered)
 o - 10 poisoned needles
 p - 5 javelins of penetration
Armour
 a - a +0 robe (worn)
Scrolls
 c - 2 scrolls of amnesia {unknown}
 d - 2 scrolls of identify {unknown}
 f - 3 scrolls of remove curse {unknown}
 h - a scroll of enchant armour {unknown}
 i - 2 scrolls of enchant weapon {unknown}
Potions
 e - a potion of magic {unknown}
 k - 2 potions of flight {unknown}
 l - 2 potions of agility {unknown}
 m - a potion of resistance {unknown}
Comestibles
 b - 8 rations


   Skills:
 + Level 2.7 Fighting
 * Level 3.6 Dodging
 + Level 1.1 Stealth
 * Level 4.7 Unarmed Combat


You had 4 spell levels left.
You didn't know any spells.
Your spell library was empty.

Dungeon Overview and Level Annotations

Branches:
Dungeon (3/15)

Altars:
Gozag
Yredelemnul

Annotations:
D:3 Natasha


Innate Abilities, Weirdness & Mutations

You are too large for most types of armour.
You have claws for hands.
Your metabolism is lightning-fast.
You like to eat raw meat.
Your natural rate of healing is unusually fast.
You are covered in fur. (AC +1)
You have very tough skin. (AC +2)


Message History

The iron imp is almost dead.
A kobold comes into view.
Natasha stares at you and mumbles some strange words.
The magic dart hits you! The iron imp hits you!
You are too injured to fight recklessly!
You are too injured to fight recklessly!
You are too injured to fight recklessly!
You are too injured to fight recklessly!
You are too injured to fight recklessly!
You closely miss Natasha. Natasha claws you!
You scratch Natasha. Your claw misses Natasha.
Natasha is lightly wounded.
The kobold throws a stone.
The stone closely misses you. The iron imp hits you.
* * * LOW HITPOINT WARNING * * *
Natasha claws you.
* * * LOW HITPOINT WARNING * * *
You miss Natasha.
Natasha is lightly wounded.
Natasha barely misses you. The iron imp hits you!
You die...

##...## #
#.##.#####.#######
#.............(...
#.##.#####...##### #
#.# ##'#.### #
#.###.## ##..._..# #
..... ##...#.#.# #
###5h# ##........#
#...@####.........###
#.......'.........'.)
#....####.........###
#.#.## ##.......##
#.## ##.......# #
##..###.###
####.....# #.8...8.
####.......


You could see an iron imp and Natasha.

Vanquished Creatures
  Natasha (D:3)
  6 adders
  An ooze (D:1)
  2 worms (D:3)
  3 dart slugs
  An orc (D:3)
  2 ball pythons
  14 bats
  3 giant cockroaches
  4 goblins
  10 hobgoblins
  A quokka (D:2)
  7 frilled lizards
  11 kobolds
  3 rats
69 creatures vanquished.

Notes
Turn   | Place    | Note
-------+----------+-------------------------------------------
     0 | D:1      | robertstho the Troll Monk began the quest for the Orb.
     0 | D:1      | Reached XP level 1. HP: 22/22 MP: 0/0
   113 | D:1      | Reached XP level 2. HP: 29/29 MP: 1/1
   674 | D:1      | Reached XP level 3. HP: 33/36 MP: 2/2
   955 | D:2      | Reached skill level 4 in Unarmed Combat
   962 | D:2      | Reached XP level 4. HP: 44/44 MP: 3/3
  1261 | D:3      | Noticed Natasha
  1268 | D:3      | Killed Natasha
  1326 | D:3      | Reached XP level 5. HP: 50/50 MP: 4/4
  1442 | D:3      | Found a basalt altar of Yredelemnul.
  1450 | D:3      | Found an opulent altar of Gozag.
  1962 | D:3      | Noticed Natasha
  1972 | D:3      | Slain by an iron imp

Skill      XL: |  1  2  3 |
---------------+----------+-----
Unarmed Combat | 4 |  4.7
Dodging        | 3 |  3.6
Fighting       | |  2.7
Stealth        | |  1.1

Action                   |  1- 3 |  4- 6 || total
-------------------------+-------+-------++-------
Melee: Unarmed           |   123 |    92 ||   215
       Punch             |       |     3 ||     3
 Stab: Sleeping          |     2 |     4 ||     6
  Eat: Chunk             |    14 |    10 ||    24
Armor: Robe              |    66 |    28 ||    94
Dodge: Dodged            |    74 |    48 ||   122
